 Dungeon Crawl Stone Soup version 0.31-a0-1009-g454b1f1e0a (webtiles) character file.

Game seed: 5464150474788999872

5625 ChronoRanger the Geomancer (level 10, -2/60 HPs)
             Began as a Gargoyle Earth Elementalist on Nov 16, 2023.
             Was a Believer of Vehumet.
             Slain by a yak (10 damage)
             ... on level 1 of the Lair of Beasts.
             The game lasted 00:28:03 (8350 turns).

ChronoRanger the Geomancer (GrEE)                   Turns: 8350, Time: 00:28:04

Health: -2/60      AC: 13    Str: 12    XL:     10   Next: 74%
Magic:  12/33      EV: 11    Int: 20    God:    Vehumet [**....]
Gold:   225        SH:  0    Dex: 10    Spells: 19/29 levels left

rFire   + . .        r - staff of earth
rCold   . . .        (no shield)
rNeg    + . .        a - +0 robe
rPois   ∞            o - +1 helmet {SInv}
rElec   +            w - +0 cloak
rCorr   .            z - +0 pair of gloves
SInv    +            (no boots)
Will    .....        (no amulet)
Stlth   ++           c - ring of magical power
HPRegen 0.30/turn    u - ring of protection from fire
MPRegen 0.23/turn

%: no passive effects
@: about to teleport, studying Fighting
A: sickness immunity, AC +7, negative energy resistance 1, electricity
resistance, torment resistance 1, petrification resistance
a: Renounce Religion


You were on level 1 of the Lair of Beasts.
You worshipped Vehumet.
Vehumet was pleased with you.
You visited 3 branches of the dungeon, and saw 11 of its levels.

You collected 531 gold pieces.
You spent 306 gold pieces at shops.

Inventory:

Hand Weapons
 k - a +4 dagger of freezing
 q - a +2 whip of pain
 s - the +8 sling of Jatorrer {drain, rF+++ Int+3}
   (You found it on level 3 of the Dungeon)

   Int+3:     It affects your intelligence (+3).
   rF+++:     It renders you almost immune to fire.
Armour
 a - a +0 robe (worn)
 o - a +1 helmet of see invisible (worn)
 w - a +0 cloak (worn)
 z - a +0 pair of gloves (worn)
Magical Staves
 r - a staff of earth (weapon)
Jewellery
 c - a ring of magical power (left hand)
 u - a ring of protection from fire (right hand)
 D - a +4 ring of protection
Wands
 h - a wand of roots (8)
 i - a wand of polymorph (2)
 C - a wand of flame (10)
 H - a wand of mindburst (7)
Scrolls
 e - 2 scrolls of fear
 f - a scroll of amnesia
 g - a scroll of teleportation
 j - a scroll of brand weapon {unknown}
 m - 2 scrolls of enchant armour
 x - 3 scrolls of poison
 y - a scroll of blinking
 A - a scroll of immolation
 B - a scroll of revelation
Potions
 b - 2 potions of magic
 d - 5 potions of curing
 l - a potion of enlightenment
 n - 2 potions of mutation
 p - 2 potions of lignification
 t - a potion of might
 v - a potion of berserk rage
 E - a potion of haste {unknown}
 F - a potion of brilliance {unknown}
 G - a potion of degeneration {unknown}


   Skills:
 - Level 6.0 Fighting
 - Level 1.5 Dodging
 - Level 2.1 Stealth
 - Level 10.0 Spellcasting
 * Level 4.9 Conjurations
 - Level 0.7 Transmutations
 - Level 12.0 Earth Magic
 + Level 2.0 Evocations


You had 19 spell levels left.
You knew the following spells:

 Your Spells              Type           Power      Damage    Failure   Level
a - Sandblast             Erth           100%       2d20      1%          1
b - Stone Arrow           Conj/Erth      100%       3d13      1%          3
c - Bombard               Conj/Erth      30%        9d5       32%         6

Your spell library contained the following spells:

 Spells                   Type           Power      Damage    Failure   Level
 Frozen Ramparts          Ice            20%        1d4       21%         3
 Magic Dart               Conj           100%       1d8       1%          1
 Passwall                 Tmut/Erth      43%        N/A       1%          2
 Searing Ray              Conj           58%        2d6       1%          2
 Brom's Barrelling Bould  Conj/Erth      60%        2d8       2%          4
 Petrify                  Tmut/Erth      52%        N/A       4%          4
 Ensorcelled Hibernation  Hex/Ice        20%        N/A       11%         2
 Jinxbite                 Hex            20%        N/A       11%         2
 Poisonous Vapours        Pois/Air       20%        N/A       11%         2
 Mephitic Cloud           Conj/Pois/Air  16%        N/A       11%         3
 Volatile Blastmotes      Fire/Tloc      20%        2d11      21%         3
 Fulminant Prism          Conj/Hex       9%         3d7       26%         4
 Iskenderun's Mystic Bla  Conj/Tloc      19%        2d6       26%         4
 Iskenderun's Battlesphe  Conj           29%        2d8       26%         5
 Anguish                  Hex/Necr       5%         N/A       56%         4
 Freezing Cloud           Conj/Ice/Air   8%         6-21      69%         5
 Spellforged Servitor     Conj/Summ      9%         N/A       100%        7


Dungeon Overview and Level Annotations

Branches:
Dungeon (9/15)             Temple (1/1) D:5            Lair (1/5) D:9
    Orc (0/2) D:9

Altars:
Cheibriados
Dithmenos
Elyvilon
Fedhas
Gozag
Hepliaklqana
Kikubaaqudgha
Makhleb
Nemelex Xobeh
Okawaru
Qazlal
Sif Muna
Trog
Uskayaw
Vehumet
Wu Jian
Xom
Yredelemnul
Zin
The Shining One

Shops:
D:4 !   D:5 (   D:9 ?

Annotations:
D:9 1 runed translucent door


Innate Abilities, Weirdness & Mutations

You are immune to sickness and miasma.
Your stone body is resilient. (AC +7)
You are immune to poison.
You resist negative energy. (rN+)
You are resistant to electric shocks. (rElec)
You are resistant to unholy torment.
You are immune to petrification.


Message History

Aim: a yak (87% to hit)
You feel a surge of power!
The stone arrow hits the yak!!
The yak is almost dead.
A cane toad comes into view.
The yak misses you. The yak closely misses you.
The yak attacks as it pursues you! The yak gores you!
* * * LOW HITPOINT WARNING * * *
Casting: Stone Arrow (safe; 1% risk of failure)
Confirm with . or Enter, or press ? or * to list all spells.
Aiming: Stone Arrow (safe; 1% risk of failure)
Press: ? - help, Shift-Dir - straight line, f/p - yak
Aim: a yak (almost dead, 87% to hit)
You feel a surge of power!
The stone arrow hits the yak!
You kill the yak!
Vehumet accepts your kill. The yak barely misses you.
A black mamba comes into view.
Your Evocations skill increases to level 2!
The yak attacks as it pursues you! The yak gores you but does no damage.
Casting: Stone Arrow (safe; 1% risk of failure)
Confirm with . or Enter, or press ? or * to list all spells.
Aiming: Sandblast (safe; 1% risk of failure)
Press: ? - help, Shift-Dir - straight line, f - yak
Aim: a yak (91% to hit)
You feel a surge of power!
The blast of sand hits the yak!
The yak is heavily wounded.
The black mamba hisses angrily.
The yak barely misses you. The yak gores you.
* * * LOW HITPOINT WARNING * * *
The yak gores you.
* * * LOW HITPOINT WARNING * * *
The yak attacks as it pursues you! The yak gores you!
* * * LOW HITPOINT WARNING * * *
Okay, then.
As you read the scroll of teleportation, it crumbles to dust.
You feel strangely unstable. The yak barely misses you.
A yak comes into view.
The yak barely misses you. The yak attacks as it pursues you!
The yak gores you!
You die...

#......#...##.####.## ...
#......#...##.......##......P
...........##................
.......#...##.......##.....P.
...........##.......# ......
(.♣....#...###.###.## ....#
.....#+#...#.#..##.###....#
................YY...†....#.#
P..............@S..F...Y.....
..♣..........................
..............................
..............................
.........†...###..###...#####
#.#####.†...## #..# ....#
##.####......# ##.# #....#
......##.....# #.........##
.............# ..... ....#


You could see a black mamba, 2 yaks and a cane toad.

Vanquished Creatures
  A rime drake (Lair:1)
  Prince Ribbit (D:7)
  A vampire (D:9)
  8 yaks
  Menkaure (D:6)
  A steam dragon (D:7)
  2 wargs (D:9)
  A water moccasin (D:5)
  3 orc warriors (D:9)
  2 sky beasts
  An ogre (D:5)
  2 centaurs (D:9)
  2 phantoms
  2 kobold brigands (D:8)
  Blork the orc (D:6)
  4 bullfrogs
  A gnoll sergeant (D:8)
  4 scorpions
  4 wights (D:8)
  7 howler monkeys (D:9)
  A jelly (D:5)
  3 gnoll boudas
  A sleepcap (D:6)
  6 orc priests
  3 hounds
  Natasha (D:3)
  2 iguanas
  14 orc wizards
  Robin (D:3)
  4 adders
  14 gnolls
  3 shadow imps
  2 worms
  A dart slug (D:3)
  38 orcs
  13 endoplasms
  3 giant cockroaches
  7 goblins
  11 hobgoblins
  23 kobolds
  5 quokkas
  6 ball pythons
  5 bats
  4 frilled lizards
  3 rats
223 creatures vanquished.

Vanquished Creatures (others)
  An orc wizard (D:7)
  An orc (D:7)
2 creatures vanquished.

Grand Total: 225 creatures vanquished

Notes
Turn   | Place    | Note
-------+----------+-------------------------------------------
     0 | D:1      | ChronoRanger the Gargoyle Earth Elementalist began the
                  | quest for the Orb.
     0 | D:1      | Reached XP level 1. HP: 10/10 MP: 3/3
   188 | D:1      | Reached XP level 2. HP: 15/15 MP: 1/5
   533 | D:1      | Reached skill level 4 in Earth Magic
   783 | D:1      | You fall into a shaft and drop 1 floor!
   811 | D:2      | Reached XP level 3. HP: 19/19 MP: 2/7
   815 | D:2      | Learned a level 3 spell: Stone Arrow
  1738 | D:3      | Reached XP level 4. HP: 24/24 MP: 5/9
  1963 | D:3      | Found a faded altar of an unknown god.
  2051 | D:3      | Noticed Robin
  2083 | D:3      | Killed Robin
  2084 | D:3      | Reached XP level 5. HP: 25/28 MP: 1/10
  2269 | D:3      | Found a white marble altar of Elyvilon.
  2440 | D:3      | Noticed Natasha
  2444 | D:3      | Killed Natasha
  2445 | D:3      | Reached skill level 5 in Earth Magic
  2467 | D:3      | Identified the +8 sling of Jatorrer {drain, rF+++ Int+3}
  2765 | D:4      | Found Abribado's Distillery.
  2770 | D:4      | Bought a potion of curing for 42 gold pieces
  2770 | D:4      | Bought a potion of heal wounds for 70 gold pieces
  2770 | D:4      | Bought a potion of might for 56 gold pieces
  2925 | D:4      | Reached XP level 6. HP: 32/32 MP: 11/13
  2984 | D:4      | Found a glowing golden altar of the Shining One.
  3114 | D:4      | Reached skill level 5 in Spellcasting
  3491 | D:5      | Entered Level 5 of the Dungeon
  3498 | D:5      | Found a shimmering blue altar of Sif Muna.
  3500 | D:5      | Noticed a water moccasin
  3503 | D:5      | Killed a water moccasin
  3504 | D:5      | Reached skill level 6 in Earth Magic
  3504 | D:5      | Reached XP level 7. HP: 33/36 MP: 15/15
  3749 | D:5      | Identified the +4 dagger of Doworog {drain, rPois Str+3}
  3873 | D:5      | Learned a level 6 spell: Bombard
  3936 | D:5      | Reached skill level 7 in Earth Magic
  3936 | D:5      | Reached XP level 8. HP: 41/41 MP: 18/18
  4000 | D:5      | Found Xary's Weapon Boutique.
  4060 | D:5      | Found a staircase to the Ecumenical Temple.
  4069 | Temple   | Entered the Ecumenical Temple
  4079 | Temple   | Became a worshipper of Vehumet
  4356 | D:6      | Noticed Menkaure
  4395 | D:6      | Killed Menkaure
  4627 | D:6      | Noticed Blork the orc
  4635 | D:6      | Killed Blork the orc
  4636 | D:6      | Reached skill level 8 in Earth Magic
  4891 | D:7      | Noticed Prince Ribbit
  4904 | D:7      | Killed Prince Ribbit
  4979 | D:7      | Reached XP level 9. HP: 45/45 MP: 21/21
  5140 | D:7      | Reached skill level 9 in Earth Magic
  5624 | D:7      | Found a burning altar of Makhleb.
  5792 | D:8      | Reached * piety under Vehumet
  5792 | D:8      | Offered knowledge of Foxfire by Vehumet.
  6110 | D:8      | Reached skill level 10 in Spellcasting
  6248 | D:8      | Reached skill level 10 in Earth Magic
  6654 | D:9      | Reached skill level 1 in Fighting
  6765 | D:9      | Found Dyoq Biu's Magic Scroll Shop.
  6771 | D:9      | Bought a scroll of immolation for 48 gold pieces
  6771 | D:9      | Bought a scroll of revelation for 90 gold pieces
  6854 | D:9      | Reached skill level 11 in Earth Magic
  6854 | D:9      | Reached XP level 10. HP: 53/53 MP: 24/24
  6945 | D:9      | Offered knowledge of Static Discharge by Vehumet.
  6949 | D:9      | Reached ** piety under Vehumet
  7470 | D:9      | Found a staircase to the Lair.
  7479 | D:9      | Reached skill level 5 in Fighting
  7479 | D:9      | Reached skill level 12 in Earth Magic
  7548 | D:9      | Reached skill level 1 in Conjurations
  7550 | D:9      | Offered knowledge of Frozen Ramparts by Vehumet.
  7591 | D:9      | Found a staircase to the Orcish Mines.
  7881 | D:9      | Found a runed translucent door.
  7882 | D:9      | Noticed a sixfirhy
  8133 | Lair:1   | Entered Level 1 of the Lair of Beasts
  8218 | Lair:1   | Reached skill level 1 in Evocations
  8343 | Lair:1   | Noticed a cane toad
  8345 | Lair:1   | Noticed a black mamba
  8350 | Lair:1   | Slain by a yak

Illustrated notes

Levels and vault maps discovered:
D:1:      lightli_arrival_noodles, layout_loops_corners, minivault_4
D:2:      layout_basic
D:3:      layout_rooms, old_standard_altar,
          shapermc_ecumenical_altar_mp_highgroup, uniq_natasha, uniq_robin
D:4:      layout_loops_ring, kennysheep_mini, serial_shops, shop
D:5:      layout_rooms, nicolae_sif_muna_condensation, temple_green,
          serial_shops, shop
D:6:      layout_basic, minmay_stone_trees_small, uniq_blork_the_orc,
          uniq_menkaure
D:7:      layout_cave_pools, lemuel_coloured_pillars_altar, uniq_prince_ribbit1
D:8:      layout_basic, grunt_decor_one_mirror
D:9:      cheibrodos_shockbox, layout_basic, erik_lair_orcish_takeover,
          hiddenorc1_lemuel, serial_shops, shop, nzn_life_drinkers
Temple:   nicolae_temple_slightly_damp_pantheon
Lair:1:   layout_regular_city, grunt_forest_small_clearings,
          dreamdust_mushroom_princess, lemuel_fruit_fields, uniq_amaemon

Skill      XL: |  1  2  3  4  5  6  7  8  9 10 |
---------------+-------------------------------+-----
Earth Magic    | 4 5 6 7 8 11 12 | 12.0
Spellcasting   | 3 4 5 6 8 10 | 10.0
Fighting       | 2 6 |  6.0
Conjurations   | 4 |  4.9
Evocations     | 2 |  2.0
Dodging        | |  1.5
Stealth        | |  2.1
Transmutations | |  0.7

Action                     |  1- 3 |  4- 6 |  7- 9 | 10-12 || total
---------------------------+-------+-------+-------+-------++-------
  Melee: Dagger            |     2 |    16 |       |       ||    18
         Staff             |       |     3 |       |     1 ||     4
   Cast: Sandblast         |    45 |    72 |   113 |    52 ||   282
         Stone Arrow       |       |       |    39 |    41 ||    80
    Use: Scroll            |       |     8 |     6 |     3 ||    17
         Potion            |       |       |     1 |       ||     1
   Stab: Sleeping          |     1 |       |       |       ||     1
         Distracted        |       |     1 |       |       ||     1
 Armour: Robe              |     1 |    33 |    46 |    42 ||   122
  Dodge: Dodged            |     6 |    23 |    37 |    19 ||    85

Table legend: (Time is in decaauts)
 A = Elapsed time spent in this place.
 B = Non-inter-level travel time spent in this place.
 C = Inter-level travel time spent in this place.
 D = Time resting spent in this place.
 E = Time spent auto-exploring this place.
 F = Levels seen in this place.
 G = Mean time per level.
                   A        B        C        D        E       F      G
               +--------+--------+--------+--------+--------+-----+--------+
         Total |   8490 |   8132 |    358 |    452 |   6104 |  11 |  771.8 |
       Dungeon |   8248 |   7890 |    358 |    413 |   5986 |   9 |  916.4 |
        Temple |     20 |     20 |      0 |      0 |      0 |   1 |   20.0 |
          Lair |    221 |    221 |      0 |     39 |    118 |   1 |  221.0 |
               +--------+--------+--------+--------+--------+-----+--------+

Top non-repeatable levels by time:
     D:9: 1508 daAuts
     D:4: 1082 daAuts
     D:1: 1042 daAuts
     D:8: 954 daAuts
     D:7: 881 daAuts
     D:3: 857 daAuts
     D:2: 689 daAuts
     D:6: 624 daAuts
     D:5: 607 daAuts
  Lair:1: 221 daAuts
  Temple: 20 daAuts
